Map: Eternal Empire LE

Players

DPGPartinG (PartinG) - Winner!

  • Race: Protoss Protoss
  • League: Grandmaster
  • Spawn Location: 1:00

True

  • Race: Zerg Zerg
  • League: Grandmaster
  • Spawn Location: 7:00

VOD

Have the link to the VOD?

Description

Time

  • Played on: Jan. 8, 2020, 5:24 a.m.
  • Length: 6:33
Show
View Real Time Build Order
Export as new Build Order

DPGPartinG Protoss - Winner!

Build Orders:  

Get SALT Encoding   

  12  0:00  Probe  
  13  0:12  Probe  
  14  0:18  Pylon  
  14  0:25  Probe (Chrono Boost)  
  15  0:37  Probe (Chrono Boost), Gateway  
  16  0:45  Probe (Chrono Boost)  
  16  0:46  Assimilator  
  17  0:51  Probe  
  18  1:01  Forge  
  18  1:03  Probe  
  19  1:13  Pylon  
  19  1:15  Probe  
  20  1:29  Cybernetics Core  
  20  1:36  Photon Cannon  
  20  1:41  Pylon  
  19  1:54  Photon Cannon  
  19  2:00  Probe  
  20  2:15  Robotics Facility  
  20  2:18  Shield Battery  
  20  2:19  Shield Battery  
  20  2:22  Shield Battery  
  20  2:35  Pylon  
  20  2:41  Shield Battery  
  20  2:49  Shield Battery  
  20  3:00  Photon Cannon  
  20  3:02  Observer (Chrono Boost)  
  21  3:07  Shield Battery  
  21  3:13  Pylon  
  21  3:23  Immortal (Chrono Boost)  
  25  3:38  Shield Battery  
  25  3:40  Shield Battery  
  25  3:45  Observer  
  25  3:53  Warp Prism (Chrono Boost)  
  27  4:10  Pylon  
  27  4:20  Immortal (Chrono Boost)  
  31  4:38  Photon Cannon  
  31  4:39  Shield Battery  
  31  4:50  Photon Cannon  
  31  5:13  Gateway  
  31  5:15  Shield Battery  
  31  5:26  Immortal (Chrono Boost)  
  35  5:46  Shield Battery  
Show
View Real Time Build Order
Export as new Build Order

True Zerg 

Build Orders: Hatch First 

Get SALT Encoding   

  12  0:00  Drone  
  13  0:12  Overlord  
  13  0:17  Drone  
  14  0:31  Drone x2  
  16  0:48  Hatchery  
  15  0:51  Drone  
  15  0:54  Drone  
  17  1:09  Spawning Pool  
  16  1:12  Drone  
  17  1:20  Drone  
  17  1:22  Overlord  
  18  1:57  Zergling x6  
  21  2:03  Spine Crawler, Queen  
  21  2:09  Zergling x2  
  21  2:18  Extractor  
  20  2:28  Spine Crawler  
  19  2:47  Drone x3  
  19  2:49  Drone x2  
  19  2:50  Drone  
  25  2:58  Drone  
  25  3:01  Drone  
  27  3:09  Drone  
  28  3:21  Lair  
  28  3:24  Queen  
  30  3:30  Overlord  
  28  3:48  Zergling x12  
  34  4:00  Queen  
  36  4:14  Zergling x2  
  36  4:15  Zergling x6  
  40  4:20  Nydus Network  
  40  4:21  Queen  
  40  4:32  Overlord  
  40  4:37  Zergling x4  
  40  4:38  Zergling x2  
  42  4:49  Queen  
  43  4:57  Nydus Canal  
  43  5:00  Zergling x8  
  43  5:05  Zergling x4  
  49  5:16  Zergling x2  
  49  5:20  Zergling x2  
  48  5:27  Zergling x4  
  43  5:36  Zergling x4  
  40  5:46  Zergling x2  
  38  5:57  Zergling x2  
  28  6:07  Zergling x2  
Tags
 
Add a new tag
Caveats
  • Supply blocks, unpowered buildings, or Contaminate may cause inaccurate times.
  • Supply counts are checked every 10 seconds.